[Event "Panchenko Memorial-A 2021"]
[Site "Chelyabinsk"]
[Date "2021.09.14"]
[Round "2.1"]
[White "Sargsyan, Shant"]
[Black "Urazayev, Arystanbek"]
[Result "1/2-1/2"]
[ECO "D02"]
[WhiteElo "2642"]
[BlackElo "2453"]
[Annotator "ChessBase"]
[PlyCount "80"]
[EventDate "2021.09.13"]
[EventType "swiss"]
[EventCountry "RUS"]
[SourceTitle "playchess.com"]
[Source "ChessBase"]
[SourceQuality "1"]
[TimeControl "5400+30"]

1. d4 d5 2. Nf3 Nf6 3. c4 e6 4. g3 Bb4+ 5. Bd2 Be7 6. Bg2 O-O 7. O-O Nbd7 8. Qc2 Ne4 9. Bf4 c6 10. Nc3 g5 11. Be3 Nd6 12. b3 Nf5 13. Bd2 g4 14. Ne1 Nxd4 15. Qd1 Bf6 16. e3 Nf3+ 17. Nxf3 gxf3 18. Qxf3 dxc4 19. Qg4+ Bg7 20. Qxc4 b5 21. Qxc6 Rb8 22. Rad1 Bb7 23. Qd6 Ne5 24. Qxd8 Rfxd8 25. Ne4 f5 26. Ng5 h6 27. Nxe6 Nf3+ 28. Bxf3 Bxf3 29. Nxg7 Bxd1 30. Rxd1 Kxg7 31. Bc3+ Kf7 32. Bd4 Rbc8 33. b4 Rc4 34. a3 a6 35. Kg2 Ke6 36. Ra1 Ra8 37. Ra2 h5 38. h4 Rac8 39. Bc5 Rd8 40. Bd4 Rdc8 1/2-1/2

[Event "Panchenko Memorial-A 2021"]
[Site "Chelyabinsk"]
[Date "2021.09.14"]
[Round "2.4"]
[White "Lazavik, Denis"]
[Black "Azarov, Sergei"]
[Result "1-0"]
[ECO "D37"]
[WhiteElo "2440"]
[BlackElo "2603"]
[Annotator "ChessBase"]
[PlyCount "105"]
[EventDate "2021.09.13"]
[EventType "swiss"]
[EventCountry "RUS"]
[SourceTitle "playchess.com"]
[Source "ChessBase"]
[SourceQuality "1"]
[TimeControl "5400+30"]

1. d4 Nf6 2. c4 e6 3. Nf3 d5 4. Nc3 dxc4 5. e4 b5 6. e5 Nd5 7. Nxb5 Nb6 8. Be2 Nc6 9. a3 Be7 10. Be3 Na5 11. Qc2 Qd7 12. Nc3 Bb7 13. Rd1 f5 14. exf6 gxf6 15. O-O Rg8 16. g3 O-O-O 17. Nd2 f5 18. Bf3 Bd6 19. Bxb7+ Kxb7 20. Rfe1 Nd5 21. b4 cxb3 22. Nxb3 Nc4 23. Bc1 Ka8 24. Qd3 Nxc3 25. Qxc3 Nb6 26. Nc5 Nd5 27. Qf3 Bxc5 28. dxc5 Qc6 29. Bf4 Rd7 30. Re2 Rgd8 31. Rde1 Nb4 32. Qxc6+ Nxc6 33. Bg5 Rb8 34. Bf6 Rb3 35. Rxe6 Kb7 36. a4 a5 37. h4 Rd5 38. Re8 Rb4 39. Rh8 Rd7 40. Ra1 Rc4 41. h5 Rxc5 42. Rb1+ Nb4 43. h6 Rc2 44. Bg5 c5 45. Rf8 c4 46. Rxf5 Ka6 47. Re1 Rc7 48. Re6+ Nc6 49. Rc5 Kb7 50. Bf4 Rc8 51. Rb5+ Ka8 52. Rb6 Nb4 53. Re5 1-0

[Event "Panchenko Memorial-A 2021"]
[Site "Chelyabinsk"]
[Date "2021.09.14"]
[Round "2.5"]
[White "Schekachikhin, Maksim"]
[Black "Timofeev, Artyom"]
[Result "0-1"]
[ECO "C43"]
[WhiteElo "2438"]
[BlackElo "2583"]
[Annotator "ChessBase"]
[PlyCount "88"]
[EventDate "2021.09.13"]
[EventType "swiss"]
[EventCountry "RUS"]
[SourceTitle "playchess.com"]
[Source "ChessBase"]
[SourceQuality "1"]
[TimeControl "5400+30"]

1. e4 e5 2. Nf3 Nf6 3. d4 exd4 4. e5 Ne4 5. Qxd4 d5 6. exd6 Nxd6 7. Bd3 Nc6 8. Qf4 Be7 9. Nc3 Be6 10. O-O Bf6 11. Re1 O-O 12. Be3 Bxc3 13. bxc3 h6 14. Rad1 Re8 15. c4 Qf6 16. c5 Nf5 17. Bxf5 Qxf5 18. a3 Rac8 19. c3 Qxf4 20. Bxf4 g5 21. Be3 Bg4 22. Rb1 Bxf3 23. gxf3 Ne5 24. Kg2 b6 25. h4 gxh4 26. Rh1 Ng6 27. Bxh6 Re5 28. Be3 Rf5 29. Rb4 bxc5 30. Rb5 a6 31. Rxc5 Rxc5 32. Bxc5 Rb8 33. Kh3 Rb3 34. Bd4 Rxa3 35. Rb1 Ra4 36. Rb8+ Kh7 37. Rc8 Rc4 38. Kg4 c5 39. f4 a5 40. Rc7 Kh6 41. Rc6 a4 42. Kf3 a3 43. Be3 f5 44. Ke2 Ra4 0-1

[Event "Panchenko Memorial-A 2021"]
[Site "Chelyabinsk"]
[Date "2021.09.14"]
[Round "2.6"]
[White "Lintchevski, Daniil"]
[Black "Kostenko, Petr"]
[Result "1-0"]
[ECO "B32"]
[WhiteElo "2561"]
[BlackElo "2435"]
[Annotator "ChessBase"]
[PlyCount "87"]
[EventDate "2021.09.13"]
[EventType "swiss"]
[EventCountry "RUS"]
[SourceTitle "playchess.com"]
[Source "ChessBase"]
[SourceQuality "1"]
[TimeControl "5400+30"]

1. e4 c5 2. Nf3 Nc6 3. d4 cxd4 4. Nxd4 e5 5. Nb5 d6 6. N1c3 a6 7. Na3 Be7 8. Nc4 b5 9. Ne3 Nf6 10. Bd3 O-O 11. O-O Rb8 12. a3 Nd4 13. Ncd5 Ne6 14. c4 Nc5 15. cxb5 axb5 16. Nxf6+ Bxf6 17. b4 Ne6 18. Nd5 Bg5 19. Bb2 Nc7 20. Nc3 Be6 21. Qe2 Qd7 22. Bc1 Bxc1 23. Rfxc1 Rb7 24. Qf3 Qe7 25. Bf1 Ra8 26. Rd1 g6 27. h3 Kg7 28. Rd2 Rb6 29. Qe3 Rab8 30. Rad1 h6 31. f4 Qf6 32. f5 gxf5 33. Rxd6 f4 34. Qf2 R6b7 35. Nd5 Qg5 36. h4 Qg6 37. Ne7 Qxe4 38. Re1 Qh7 39. Bd3 Qh8 40. Rxe5 Ne8 41. Qd4 Nf6 42. Nd5 Kf8 43. Rexe6 fxe6 44. Rxe6 1-0

[Event "Panchenko Memorial-A 2021"]
[Site "Chelyabinsk"]
[Date "2021.09.14"]
[Round "2.7"]
[White "Savitskiy, Sergey"]
[Black "Petrov, Nikita"]
[Result "1/2-1/2"]
[ECO "B40"]
[WhiteElo "2431"]
[BlackElo "2555"]
[Annotator "ChessBase"]
[PlyCount "73"]
[EventDate "2021.09.13"]
[EventType "swiss"]
[EventCountry "RUS"]
[SourceTitle "playchess.com"]
[Source "ChessBase"]
[SourceQuality "1"]
[TimeControl "5400+30"]

1. e4 c5 2. Nf3 e6 3. d4 cxd4 4. Nxd4 Nf6 5. Nc3 Nc6 6. Nxc6 bxc6 7. e5 Nd5 8. Ne4 Bb7 9. Bd3 Qc7 10. f4 c5 11. c4 Nb4 12. Bb1 Nc6 13. O-O a5 14. Be3 Nd4 15. Nc3 Be7 16. Be4 Bxe4 17. Nxe4 Nf5 18. Bf2 Qc6 19. Qf3 O-O 20. Rad1 f6 21. exf6 gxf6 22. Kh1 Rac8 23. b3 Ng7 24. Rd3 f5 25. Nc3 Qxf3 26. Rxf3 Rfd8 27. Rd1 Ne8 28. Rfd3 Nf6 29. Be1 Ra8 30. a4 Kf7 31. Bh4 Kf8 32. Be1 Kf7 33. Kg1 d6 34. Rh3 Rh8 35. Rhd3 Rhd8 36. Rh3 Rh8 37. Rhd3 1/2-1/2

[Event "Panchenko Memorial-A 2021"]
[Site "Chelyabinsk"]
[Date "2021.09.14"]
[Round "2.9"]
[White "Zarubitski, Viachaslau"]
[Black "Pridorozhni, Aleksei"]
[Result "0-1"]
[ECO "B40"]
[WhiteElo "2416"]
[BlackElo "2550"]
[Annotator "ChessBase"]
[PlyCount "128"]
[EventDate "2021.09.13"]
[EventType "swiss"]
[EventCountry "RUS"]
[SourceTitle "playchess.com"]
[Source "ChessBase"]
[SourceQuality "1"]
[TimeControl "5400+30"]

1. e4 c5 2. Nf3 e6 3. d4 cxd4 4. Nxd4 Nf6 5. Nc3 Nc6 6. Ndb5 Bc5 7. Bf4 O-O 8. Bc7 Qe7 9. Bd6 Bxd6 10. Qxd6 Ne8 11. Qxe7 Nxe7 12. O-O-O f5 13. e5 g5 14. Bc4 Ng6 15. Rhe1 a6 16. Nd6 Nxd6 17. Rxd6 b5 18. Bf1 Ra7 19. a4 b4 20. Nb1 Kf7 21. Nd2 Ke7 22. Rb6 a5 23. Nb3 Bb7 24. Nd4 Rb8 25. g3 Raa8 26. Bd3 g4 27. Rb5 Bg2 28. Rc5 Rc8 29. Rb5 Bc6 30. Nxc6+ Rxc6 31. h3 h5 32. hxg4 hxg4 33. Rh1 Nh8 34. Rb7 Rc5 35. Rh7+ Nf7 36. Bb5 Rd8 37. Ra7 Rxe5 38. Rxa5 Kf6 39. Ra7 Ng5 40. Rh6+ Ke7 41. Kb1 Rd5 42. Bc4 Rd2 43. Rg6 Rh8 44. a5 Kf7 45. Rxg5 Kf6 46. Rxf5+ exf5 47. a6 f4 48. Rb7 f3 49. a7 Ra8 50. Rb6+ Ke5 51. Rb5+ d5 52. Ra5 Rxa7 53. Rxa7 dxc4 54. Re7+ Kf5 55. Rf7+ Kg5 56. Rb7 Rxf2 57. Rb5+ Kg6 58. Rb6+ Kf5 59. Rxb4 Rf1+ 60. Ka2 f2 61. Rb8 Ra1+ 62. Kxa1 f1=Q+ 63. Ka2 Qg1 64. Rf8+ Ke5 0-1

[Event "Panchenko Memorial-A 2021"]
[Site "Chelyabinsk"]
[Date "2021.09.14"]
[Round "2.10"]
[White "Afanasiev, Nikita"]
[Black "Agmanov, Zhandos"]
[Result "1-0"]
[ECO "A21"]
[WhiteElo "2548"]
[BlackElo "2425"]
[Annotator "ChessBase"]
[PlyCount "65"]
[EventDate "2021.09.13"]
[EventType "swiss"]
[EventCountry "RUS"]
[SourceTitle "playchess.com"]
[Source "ChessBase"]
[SourceQuality "1"]
[TimeControl "5400+30"]

1. c4 e5 2. Nc3 Bb4 3. Nd5 Be7 4. d4 exd4 5. Qxd4 Nf6 6. Nxe7 Qxe7 7. Bg5 Nc6 8. Qc3 d6 9. Bxf6 Qxf6 10. Qxf6 gxf6 11. e3 Be6 12. Rc1 Ke7 13. Ne2 Ne5 14. Ng3 Rhg8 15. Be2 c5 16. O-O a6 17. f4 Nc6 18. Rfd1 f5 19. Rd2 Rab8 20. Bd3 Kf6 21. Rcd1 b5 22. b3 Na5 23. cxb5 axb5 24. e4 c4 25. exf5 cxd3 26. fxe6 Nc4 27. Ne4+ Kxe6 28. Rxd3 Nb6 29. Rxd6+ Ke7 30. f5 Rgc8 31. Rh6 Rc2 32. Ng5 Nd7 33. f6+ 1-0

[Event "Panchenko Memorial-A 2021"]
[Site "Chelyabinsk"]
[Date "2021.09.18"]
[Round "6.1"]
[White "Salemgareev, Tagir"]
[Black "Timofeev, Artyom"]
[Result "1-0"]
[ECO "D30"]
[WhiteElo "2463"]
[BlackElo "2583"]
[Annotator "ChessBase"]
[PlyCount "103"]
[EventDate "2021.09.13"]
[EventType "swiss"]
[EventCountry "RUS"]
[SourceTitle "playchess.com"]
[Source "ChessBase"]
[SourceQuality "1"]
[TimeControl "5400+30"]

1. d4 d5 2. c4 e6 3. Nf3 b6 4. Nc3 Bb7 5. cxd5 exd5 6. g3 Nf6 7. Bg2 Be7 8. O-O O-O 9. Ne5 Na6 10. Bg5 h6 11. Bxf6 Bxf6 12. Ng4 Be7 13. Qb3 c6 14. Rad1 Qd6 15. e4 dxe4 16. Bxe4 Rad8 17. Ne5 Bf6 18. Rfe1 Nb8 19. Nb5 cxb5 20. Bxb7 b4 21. Bf3 a5 22. Qc4 Qe6 23. Qxe6 fxe6 24. Bg4 Rd6 25. Ng6 Rfd8 26. Bxe6+ Rxe6 27. Rxe6 Kf7 28. Nf4 g5 29. Rxf6+ Kxf6 30. Ng2 Nc6 31. d5 Ne5 32. Ne3 b5 33. Kf1 Nc4 34. b3 Nd6 35. Ng4+ Kg6 36. Re1 Nf5 37. Re6+ Kg7 38. Re5 Kg6 39. Ne3 Nd6 40. Re6+ Kh7 41. Ke2 h5 42. Kd3 Nf7 43. Kd4 a4 44. Kc5 axb3 45. axb3 Ra8 46. d6 Nd8 47. Re7+ Kg6 48. d7 Ra6 49. Re8 Nb7+ 50. Kxb5 Rd6 51. Nc4 Rxd7 52. Kc6 1-0

[Event "Panchenko Memorial-A 2021"]
[Site "Chelyabinsk"]
[Date "2021.09.18"]
[Round "6.2"]
[White "Lintchevski, Daniil"]
[Black "Makarian, Rudik"]
[Result "1-0"]
[ECO "B91"]
[WhiteElo "2561"]
[BlackElo "2474"]
[Annotator "ChessBase"]
[PlyCount "111"]
[EventDate "2021.09.13"]
[EventType "swiss"]
[EventCountry "RUS"]
[SourceTitle "playchess.com"]
[Source "ChessBase"]
[SourceQuality "1"]
[TimeControl "5400+30"]

1. e4 c5 2. Nf3 d6 3. d4 cxd4 4. Nxd4 Nf6 5. Nc3 a6 6. g3 e6 7. Bg2 Bd7 8. a4 Nc6 9. Nxc6 Bxc6 10. a5 Be7 11. O-O O-O 12. Be3 Qb8 13. Qe2 Nd7 14. Nd5 Bxd5 15. exd5 e5 16. c4 Bd8 17. b4 b6 18. Rfc1 bxa5 19. bxa5 Ra7 20. Bxa7 Qxa7 21. c5 Nxc5 22. Qe3 h6 23. h4 f5 24. Rc4 f4 25. gxf4 Bxh4 26. Rf1 Rxf4 27. Rxf4 Bg5 28. Qh3 Bxf4 29. Qc8+ Kh7 30. Qf5+ g6 31. Qf8 Nd3 32. Qxd6 e4 33. Qe6 e3 34. Be4 exf2+ 35. Kg2 Ne5 36. Rxf2 Qe3 37. Bf3 Bg5 38. d6 Bh4 39. Rf1 h5 40. d7 Kh6 41. Qd6 Qf4 42. Kh1 Qg3 43. Bg2 Bg5 44. Qd4 Be7 45. d8=Q Bxd8 46. Qxd8 Ng4 47. Qd2+ g5 48. Bf3 Ne3 49. Rf2 Qh3+ 50. Kg1 Qg3+ 51. Bg2 Ng4 52. Rf5 Qh2+ 53. Kf1 Qh4 54. Qd6+ Kg7 55. Qe7+ Kg6 56. Qe6+ 1-0

[Event "Panchenko Memorial-A 2021"]
[Site "Chelyabinsk"]
[Date "2021.09.18"]
[Round "6.4"]
[White "Ansat, Aldiyar"]
[Black "Pridorozhni, Aleksei"]
[Result "0-1"]
[ECO "C42"]
[WhiteElo "2396"]
[BlackElo "2550"]
[Annotator "ChessBase"]
[PlyCount "136"]
[EventDate "2021.09.13"]
[EventType "swiss"]
[EventCountry "RUS"]
[SourceTitle "playchess.com"]
[Source "ChessBase"]
[SourceQuality "1"]
[TimeControl "5400+30"]

1. e4 e5 2. Nf3 Nf6 3. Nxe5 d6 4. Nf3 Nxe4 5. Bd3 Nf6 6. O-O Be7 7. h3 O-O 8. c3 Nbd7 9. Bc2 Ne5 10. d4 Nxf3+ 11. Qxf3 c6 12. Re1 Be6 13. Bg5 Qb6 14. b3 Qa5 15. Bh4 Rfe8 16. Nd2 Qh5 17. Qxh5 Nxh5 18. Bxe7 Rxe7 19. Re3 Nf6 20. c4 Kf8 21. Rae1 Rae8 22. g4 h6 23. f3 c5 24. dxc5 dxc5 25. f4 b6 26. Nf3 Bc8 27. Kf2 Bb7 28. Ne5 g5 29. Kg3 Kg7 30. Bf5 Rd8 31. fxg5 hxg5 32. h4 gxh4+ 33. Kxh4 Rd2 34. R3e2 Rxe2 35. Rxe2 Ne4 36. Nd3 Kf6 37. Bxe4 Rxe4 38. Rf2+ Ke7 39. Nf4 Re1 40. Kg5 Rg1 41. Re2+ Kf8 42. Rd2 Ke7 43. Re2+ Kd6 44. Re8 Bf3 45. Kf6 Rxg4 46. Kf5 Rg1 47. Rd8+ Ke7 48. Rb8 Ra1 49. Rc8 Kd6 50. Rd8+ Kc7 51. Rf8 Rxa2 52. Rxf7+ Kb8 53. Ke6 Rh2 54. Nd3 Rh6+ 55. Ke7 Bg4 56. Nf4 Bd1 57. Rf8+ Kb7 58. Nd3 Bxb3 59. Ne5 a5 60. Nf7 Rh7 61. Kd8 a4 62. Ng5 Rc7 63. Rf4 a3 64. Ne6 Rc8+ 65. Kd7 a2 66. Rf1 Bxc4 67. Ra1 Bxe6+ 68. Kxe6 Ra8 0-1

[Event "Panchenko Memorial-A 2021"]
[Site "Chelyabinsk"]
[Date "2021.09.18"]
[Round "6.5"]
[White "Afanasiev, Nikita"]
[Black "Lazavik, Denis"]
[Result "1-0"]
[ECO "A07"]
[WhiteElo "2548"]
[BlackElo "2440"]
[Annotator "ChessBase"]
[PlyCount "83"]
[EventDate "2021.09.13"]
[EventType "swiss"]
[EventCountry "RUS"]
[SourceTitle "playchess.com"]
[Source "ChessBase"]
[SourceQuality "1"]
[TimeControl "5400+30"]

1. Nf3 d5 2. g3 Bg4 3. Bg2 c6 4. O-O Nf6 5. h3 Bh5 6. d3 Nbd7 7. g4 Bg6 8. Nh4 e5 9. e3 Ng8 10. Nxg6 hxg6 11. Nd2 Bc5 12. c4 Ne7 13. cxd5 cxd5 14. Qb3 Qc7 15. Nb1 O-O 16. Nc3 d4 17. exd4 exd4 18. Ne4 Nc6 19. Bd2 Rae8 20. Rac1 Bb6 21. f4 Qb8 22. f5 Kh8 23. Qd1 Nde5 24. Qe1 f6 25. Qh4+ Kg8 26. fxg6 Nxg6 27. Qh5 Re5 28. g5 Nce7 29. Bb4 Qd8 30. Rf2 Rf7 31. Rcf1 Nh8 32. Qd1 fxg5 33. Nd6 Rxf2 34. Rxf2 Qd7 35. Qh5 Nhg6 36. Nf7 Rf5 37. Rxf5 Qxf5 38. Nxg5 Bd8 39. Be4 Qe5 40. Qh7+ Kf8 41. Qxg6 Qg3+ 42. Kh1 1-0

[Event "Panchenko Memorial-A 2021"]
[Site "Chelyabinsk"]
[Date "2021.09.19"]
[Round "8.1"]
[White "Afanasiev, Nikita"]
[Black "Salemgareev, Tagir"]
[Result "1/2-1/2"]
[ECO "A13"]
[WhiteElo "2548"]
[BlackElo "2463"]
[Annotator "ChessBase"]
[PlyCount "63"]
[EventDate "2021.09.13"]
[EventType "swiss"]
[EventCountry "RUS"]
[SourceTitle "playchess.com"]
[Source "ChessBase"]
[SourceQuality "1"]
[TimeControl "5400+30"]

1. c4 e6 2. Nf3 Nf6 3. g3 d5 4. Bg2 d4 5. O-O c5 6. e3 Nc6 7. exd4 cxd4 8. d3 Bd6 9. Re1 O-O 10. Bg5 h6 11. Bxf6 Qxf6 12. Nbd2 Qe7 13. a3 a5 14. Nb3 Rd8 15. Rc1 Bc7 16. Nbd2 e5 17. Nh4 Be6 18. Be4 g6 19. Nhf3 Qf6 20. Qe2 Bg4 21. Qf1 Kg7 22. h3 Bf5 23. Qg2 Bxe4 24. Rxe4 a4 25. h4 Qe7 26. g4 Kh7 27. g5 f5 28. gxf6 Qxf6 29. Rce1 Rd7 30. Rg4 Rf8 31. Rg3 Nd8 32. Ne4 1/2-1/2

[Event "Panchenko Memorial-A 2021"]
[Site "Chelyabinsk"]
[Date "2021.09.19"]
[Round "8.6"]
[White "Gutenev, Alexander"]
[Black "Petrov, Nikita"]
[Result "1/2-1/2"]
[ECO "B47"]
[WhiteElo "2430"]
[BlackElo "2555"]
[Annotator "ChessBase"]
[PlyCount "21"]
[EventDate "2021.09.13"]
[EventType "swiss"]
[EventCountry "RUS"]
[SourceTitle "playchess.com"]
[Source "ChessBase"]
[SourceQuality "1"]
[TimeControl "5400+30"]

1. e4 c5 2. Nf3 e6 3. d4 cxd4 4. Nxd4 Nc6 5. Nc3 Qc7 6. Be2 Nf6 7. O-O Be7 8. Be3 O-O 9. f4 d6 10. Kh1 Nxd4 11. Bxd4 1/2-1/2

[Event "Panchenko Memorial-A 2021"]
[Site "Chelyabinsk"]
[Date "2021.09.19"]
[Round "8.7"]
[White "Sivuk, Vitaly"]
[Black "Levin, Evgeny A."]
[Result "1/2-1/2"]
[ECO "E37"]
[WhiteElo "2552"]
[BlackElo "2485"]
[Annotator "ChessBase"]
[PlyCount "50"]
[EventDate "2021.09.13"]
[EventType "swiss"]
[EventCountry "RUS"]
[SourceTitle "playchess.com"]
[Source "ChessBase"]
[SourceQuality "1"]
[TimeControl "5400+30"]

1. d4 Nf6 2. c4 e6 3. Nc3 Bb4 4. Qc2 d5 5. a3 Bxc3+ 6. Qxc3 Ne4 7. Qc2 c5 8. dxc5 Nc6 9. Nf3 Qa5+ 10. Bd2 Qxc5 11. e3 Nxd2 12. Qxd2 dxc4 13. Rc1 b5 14. b3 Qxa3 15. bxc4 b4 16. Bd3 O-O 17. Be4 Rd8 18. Qc2 b3 19. Qc3 Bd7 20. Ra1 Qc5 21. Qxb3 Rab8 22. Qc3 Rb4 23. Rc1 Na5 24. Nd2 Ba4 25. Bc2 Bxc2 1/2-1/2

[Event "Panchenko Memorial-A 2021"]
[Site "Chelyabinsk"]
[Date "2021.09.19"]
[Round "8.8"]
[White "Volkov, Sergey"]
[Black "Makarian, Rudik"]
[Result "1-0"]
[ECO "D37"]
[WhiteElo "2534"]
[BlackElo "2474"]
[Annotator "ChessBase"]
[PlyCount "83"]
[EventDate "2021.09.13"]
[EventType "swiss"]
[EventCountry "RUS"]
[SourceTitle "playchess.com"]
[Source "ChessBase"]
[SourceQuality "1"]
[TimeControl "5400+30"]

1. d4 Nf6 2. c4 e6 3. Nf3 d5 4. Nc3 dxc4 5. e4 b5 6. e5 Nfd7 7. Nxb5 Nb6 8. Nc3 Nc6 9. Be2 Be7 10. Be3 Bb7 11. O-O O-O 12. Qb1 Rb8 13. Qe4 Nb4 14. Qg4 Kh8 15. Rac1 Qd7 16. Rfd1 N4d5 17. Bd2 Nxc3 18. Bxc3 Bd5 19. Nd2 f5 20. Qh5 Qc6 21. Ba5 Qb7 22. Bxb6 axb6 23. Bxc4 Bxg2 24. Bxe6 g6 25. Qe2 Rbd8 26. f3 Bh3 27. d5 Bc5+ 28. Kh1 c6 29. Nb3 cxd5 30. Nxc5 bxc5 31. Rxc5 d4 32. Bc4 Qe7 33. b4 Rc8 34. e6 Rxc5 35. bxc5 Qxc5 36. e7 Re8 37. Re1 Kg7 38. Bb5 d3 39. Qb2+ Kh6 40. Bxe8 Qd5 41. Qf2 d2 42. Rd1 1-0

[Event "Panchenko Memorial-A 2021"]
[Site "Chelyabinsk"]
[Date "2021.09.19"]
[Round "8.9"]
[White "Nesterov, Arseniy"]
[Black "Frolyanov, Dmitry"]
[Result "1/2-1/2"]
[ECO "E04"]
[WhiteElo "2483"]
[BlackElo "2533"]
[Annotator "ChessBase"]
[PlyCount "159"]
[EventDate "2021.09.13"]
[EventType "swiss"]
[EventCountry "RUS"]
[SourceTitle "playchess.com"]
[Source "ChessBase"]
[SourceQuality "1"]
[TimeControl "5400+30"]

1. d4 Nf6 2. c4 e6 3. Nf3 d5 4. g3 dxc4 5. Bg2 a6 6. Ne5 Bb4+ 7. Nc3 Nd5 8. O-O Nxc3 9. bxc3 Bxc3 10. Rb1 Qxd4 11. Qa4+ b5 12. Qa3 Qxe5 13. Bf4 Qf6 14. Bxc7 b4 15. Rxb4 Bxb4 16. Qxb4 a5 17. Qb5+ Bd7 18. Qxc4 Ra6 19. Bxb8 Rb6 20. Ba7 Rb4 21. Qc7 Qd8 22. Qc3 O-O 23. Bc5 Bb5 24. Bxb4 axb4 25. Qxb4 Bxe2 26. Rc1 Qg5 27. Qc3 Ba6 28. a4 h6 29. h4 Qf5 30. Qb4 Qe5 31. Qb6 Bd3 32. Bb7 f5 33. f4 Qe2 34. Qf2 Qh5 35. Qe3 Qf7 36. Bg2 Be4 37. Bxe4 fxe4 38. Qxe4 Kh8 39. Rc6 Re8 40. Ra6 Qf8 41. Kg2 Qc5 42. Ra8 Rxa8 43. Qxa8+ Kh7 44. Qe4+ Kh8 45. Kh3 Qc1 46. Qd3 Qa1 47. Qc2 Qh1+ 48. Kg4 Qd5 49. h5 Qa5 50. Qc8+ Kh7 51. Qc2+ Kh8 52. Qe4 Qd2 53. Kh3 Qd1 54. Kh4 Qd8+ 55. Kh3 Qd1 56. Kg2 Qd2+ 57. Kf3 Qd1+ 58. Ke3 Qg1+ 59. Kd3 Qxg3+ 60. Kc4 Qh2 61. Qa8+ Kh7 62. Qe4+ Kh8 63. Qe5 Qc2+ 64. Kb4 Qb1+ 65. Ka5 Qb3 66. Qe4 Qb8 67. Qe5 Qb3 68. Qb5 Qe3 69. Ka6 Qxf4 70. a5 e5 71. Kb7 Qf7+ 72. Kb8 Qf8+ 73. Kc7 Qe7+ 74. Kb6 Qd8+ 75. Kb7 Qe7+ 76. Kb6 Qd8+ 77. Kc5 e4 78. a6 e3 79. a7 Qc7+ 80. Kd5 1/2-1/2

[Event "Panchenko Memorial-A 2021"]
[Site "Chelyabinsk"]
[Date "2021.09.19"]
[Round "8.10"]
[White "Savitskiy, Sergey"]
[Black "Fedorov, Alexei"]
[Result "0-1"]
[ECO "B30"]
[WhiteElo "2431"]
[BlackElo "2532"]
[Annotator "ChessBase"]
[PlyCount "74"]
[EventDate "2021.09.13"]
[EventType "swiss"]
[EventCountry "RUS"]
[SourceTitle "playchess.com"]
[Source "ChessBase"]
[SourceQuality "1"]
[TimeControl "5400+30"]

1. e4 c5 2. Nf3 Nc6 3. Bb5 e6 4. Bxc6 bxc6 5. d3 Ne7 6. Qe2 d5 7. h4 h5 8. b3 Ng6 9. e5 a5 10. a4 Ba6 11. Bg5 Be7 12. Bxe7 Qxe7 13. Nc3 f5 14. g3 O-O-O 15. Qd2 Qc7 16. O-O-O Nxe5 17. Nxe5 Qxe5 18. Rhe1 Qd6 19. Nb1 e5 20. Qxa5 Kb7 21. Nd2 Ra8 22. Qc3 d4 23. Qb2 Rhe8 24. f4 exf4 25. gxf4 Kc7 26. Qa3 Re3 27. Nf1 Rxe1 28. Rxe1 Qxf4+ 29. Nd2 Qd6 30. Nf3 Bc8 31. Re5 Be6 32. Rxc5 Bd5 33. Nd2 Rb8 34. b4 Qe7 35. b5 Qe1+ 36. Kb2 Qxd2 37. a5 Rxb5+ 0-1

[Event "Panchenko Memorial-A 2021"]
[Site "Chelyabinsk"]
[Date "2021.09.20"]
[Round "9.1"]
[White "Salemgareev, Tagir"]
[Black "Volkov, Sergey"]
[Result "1/2-1/2"]
[ECO "C02"]
[WhiteElo "2463"]
[BlackElo "2534"]
[Annotator "ChessBase"]
[PlyCount "217"]
[EventDate "2021.09.13"]
[EventType "swiss"]
[EventCountry "RUS"]
[SourceTitle "playchess.com"]
[Source "ChessBase"]
[SourceQuality "1"]
[TimeControl "5400+30"]

1. e4 e6 2. d4 d5 3. e5 c5 4. c3 Nc6 5. Nf3 Bd7 6. Be2 cxd4 7. cxd4 Nge7 8. Na3 Nf5 9. Nc2 Nb4 10. Nxb4 Bxb4+ 11. Bd2 Qb6 12. Bxb4 Qxb4+ 13. Qd2 Qxd2+ 14. Kxd2 O-O 15. Rhc1 Rfc8 16. Bd3 Ne7 17. h4 h6 18. g4 a6 19. Rxc8+ Rxc8 20. Rg1 Bb5 21. Bb1 a5 22. g5 h5 23. g6 f6 24. exf6 gxf6 25. g7 Be8 26. Rg3 Bf7 27. Ng1 b5 28. Ne2 b4 29. Rg1 a4 30. Bd3 Rc7 31. Rg3 Rb7 32. Bc2 Rb6 33. Rg1 a3 34. b3 Rc6 35. Bb1 e5 36. f3 Re6 37. Rg2 e4 38. fxe4 dxe4 39. Nf4 Rd6 40. Bxe4 Rxd4+ 41. Ke3 Rd1 42. Bf3 Re1+ 43. Kd3 Re5 44. Kd2 Rf5 45. Ke3 Ra5 46. Rg1 Nf5+ 47. Kd3 Nxh4 48. Be4 Rg5 49. Rc1 Nf5 50. Rc8+ Kxg7 51. Rc7 Kf8 52. Rc8+ Ke7 53. Rc7+ Ke8 54. Bc6+ Kf8 55. Rc8+ Kg7 56. Rc7 Rg3+ 57. Kd2 Rc3 58. Nxh5+ Kh6 59. Rxf7 Kxh5 60. Bb5 Nd6 61. Be2+ Kg6 62. Re7 Rh3 63. Re6 Nf5 64. Re4 Ng3 65. Rxb4 f5 66. Bd3 Rh2+ 67. Ke3 Rxa2 68. Rg4+ Kf6 69. Rxg3 Rb2 70. Rf3 Rxb3 71. Rxf5+ Ke7 72. Ra5 a2 73. Rxa2 Rb4 74. Ra6 Rg4 75. Be4 Rg1 76. Kd4 Rd1+ 77. Ke5 Re1 78. Ra7+ Ke8 79. Kd5 Kf8 80. Bf5 Re7 81. Ra1 Re2 82. Bg4 Re3 83. Be6 Ke7 84. Ra7+ Kf6 85. Rf7+ Kg5 86. Bf5 Ra3 87. Be4 Ra5+ 88. Kd4 Ra4+ 89. Ke5 Ra5+ 90. Bd5 Rb5 91. Rg7+ Kh5 92. Rg8 Ra5 93. Ke4 Kh6 94. Be6 Rg5 95. Ra8 Rb5 96. Bd7 Rc5 97. Be6 Rb5 98. Bf5 Kg5 99. Rg8+ Kf6 100. Rg6+ Ke7 101. Re6+ Kf7 102. Kf4 Rb2 103. Ra6 Rf2+ 104. Kg5 Ke7 105. Re6+ Kd8 106. Kf6 Kc7 107. Ke5 Re2+ 108. Be4 Kd7 109. Rh6 1/2-1/2

[Event "Panchenko Memorial-A 2021"]
[Site "Chelyabinsk"]
[Date "2021.09.20"]
[Round "9.2"]
[White "Pridorozhni, Aleksei"]
[Black "Samusenko, Maksim"]
[Result "1-0"]
[ECO "B33"]
[WhiteElo "2550"]
[BlackElo "2460"]
[Annotator "ChessBase"]
[PlyCount "99"]
[EventDate "2021.09.13"]
[EventType "swiss"]
[EventCountry "RUS"]
[SourceTitle "playchess.com"]
[Source "ChessBase"]
[SourceQuality "1"]
[TimeControl "5400+30"]

1. e4 c5 2. Nf3 Nc6 3. d4 cxd4 4. Nxd4 Nf6 5. Nc3 e5 6. Ndb5 d6 7. Bg5 a6 8. Na3 b5 9. Bxf6 gxf6 10. Nd5 Bg7 11. c3 f5 12. Nxb5 axb5 13. Bxb5 Bb7 14. exf5 O-O 15. Qg4 Kh8 16. Bd3 f6 17. O-O Ne7 18. Nxe7 Qxe7 19. Rfd1 d5 20. a4 Qc7 21. Bf1 Bc6 22. Rd3 Rfb8 23. Ra2 Qf7 24. a5 d4 25. Ra1 Bb5 26. Rdd1 Bxf1 27. Kxf1 dxc3 28. bxc3 Bf8 29. Qe4 Ra6 30. Rd5 Qa7 31. Ra2 Qb7 32. g3 Qc6 33. Qd3 Rc8 34. Rb2 Kg8 35. Rb3 Be7 36. Ke2 Ra7 37. h4 Qa4 38. Rdb5 Rac7 39. Kf1 Kf8 40. Kg2 Ra7 41. Qe3 Rxa5 42. Rb7 Qc6+ 43. f3 Ra2+ 44. Kh3 Qd5 45. Qh6+ Ke8 46. Rxe7+ Kxe7 47. Rb7+ Ke8 48. Qxh7 Qxb7 49. Qxb7 Rxc3 50. Qb5+ 1-0